 Dungeon Crawl Stone Soup version 0.27.0-1-g7a089689b8 (webtiles) character file.

Game seed: 12642579735138805882

485 SnakkuSnakku7 the Slasher (level 6, -4/45 HPs)
             Began as a Demigod Summoner on Aug 3, 2021.
             Slain by a water moccasin (7 damage)
             ... on level 5 of the Dungeon.
             The game lasted 00:06:29 (7640 turns).

SnakkuSnakku7 the Slasher (Demigod Summoner)        Turns: 7640, Time: 00:06:30

Health: -4/45      AC:  5    Str: 13    XL:     6   Next: 57%
Magic:  8/11       EV: 11    Int: 21    God:
Gold:   226        SH:  0    Dex: 14    Spells: 4/8 levels left

rFire    + . .     SeeInvis .   a - +0 great sword
rCold    . . .     Faith    .   (shield currently unavailable)
rNeg     . . .     Spirit   .   l - +1 leather armour {rF+}
rPois    .         Reflect  .   (no helmet)
rElec    .         Harm     .   (no cloak)
rCorr    .         Rampage  .   (no gloves)
Will     +....                  t - +0 pair of boots
Stlth    ++........             (no amulet)
HPRegen  0.15/turn              i - ring of willpower
MPRegen  0.12/turn              (no ring)

@: lethally poisoned (-4 -> -15)
A: high mp 1, forlorn
a: no special abilities


You were on level 5 of the Dungeon.
You visited 1 branch of the dungeon, and saw 5 of its levels.

You collected 226 gold pieces.

Inventory:

Hand Weapons
 a - a +0 great sword (weapon)
 b - a +2 antimagic spear
 j - a +0 quarterstaff
Missiles
 k - 24 poisoned darts (quivered)
Armour
 l - a +1 leather armour of fire resistance (worn)
 o - a +0 robe
 t - a +0 pair of boots (worn)
Jewellery
 i - a ring of willpower (left hand)
 q - a ring of fire
Scrolls
 c - a scroll of immolation {unknown}
 d - a scroll of teleportation {unknown}
 e - a scroll of summoning {unknown}
 g - 2 scrolls of fog {unknown}
 h - 4 scrolls of identify {unknown}
 m - a scroll of vulnerability {unknown}
 s - a scroll of brand weapon {unknown}
Potions
 f - a potion of heal wounds {unknown}
 n - 2 potions of might {unknown}
 p - a potion of berserk rage {unknown}
 r - a potion of degeneration {unknown}


   Skills:
 + Level 5.4 Long Blades
 - Level 1.7 Dodging
 - Level 1.7 Stealth
 - Level 1.7 Spellcasting
 - Level 5.0 Summonings


You had 4 spell levels left.
You knew the following spells:

 Your Spells              Type           Power      Damage    Failure   Level
a - Summon Small Mammal   Summ           92%        N/A       2%          1
z - Call Canine Familiar  Summ           23%        N/A       7%          3

Your spell library contained the following spells:

 Spells                   Type           Power      Damage    Failure   Level
 Call Imp                 Summ           23%        N/A       3%          2
 Animate Skeleton         Necr           2%         N/A       19%         1
 Pain                     Necr           4%         1d4       19%         1
 Summon Guardian Golem    Hex/Summ       12%        N/A       21%         3
 Inner Flame              Hex/Fire       1%         N/A       50%         3
 Vampiric Draining        Necr           0%         2d6       50%         3
 Summon Lightning Spire   Summ/Air       12%        N/A       56%         4
 Cause Fear               Hex            0%         N/A       88%         4
 Discord                  Hex            0%         N/A       100%        8


Dungeon Overview and Level Annotations

Branches:
Dungeon (5/15)
 Temple: D:4-7

Shops:
D:5 *

Annotations:
D:5 2 transporters


Innate Abilities, Weirdness & Mutations

Your attributes grow dramatically as you level up.
You have an increased reservoir of magic. (+10% MP)
You shall have no god before yourself.


Message History

You slash the water moccasin!
The water moccasin is almost dead.
You feel very sick.
Your bat barely misses the water moccasin.
Your bat closely misses the water moccasin.
The water moccasin misses you.
Your hound bites the water moccasin but does no damage.
Your bat completely misses the water moccasin.
The water moccasin bites your hound!
Your hound dies!
Your hound's corpse disappears in a puff of smoke!
Your bat misses the water moccasin.
The water moccasin hisses angrily.
You barely miss the water moccasin.
The water moccasin is almost dead.
You feel sick.
Your bat closely misses the water moccasin.
The water moccasin completely misses you.
The water moccasin bites you.
You closely miss the water moccasin.
The water moccasin is almost dead.
You feel sick.
Your bat misses the water moccasin. The water moccasin bites you.
You are lethally poisoned!
The water moccasin poisons you! The water moccasin bites you.
Your bat barely misses the water moccasin.
You hit the water moccasin.
The water moccasin is almost dead.
* * * LOW HITPOINT WARNING * * *
You feel extremely sick.
Your bat misses the water moccasin.
The water moccasin bites you but does no damage.
The water moccasin barely misses you.
You miss the water moccasin.
The water moccasin is almost dead.
* * * LOW HITPOINT WARNING * * *
You feel very sick.
Your bat completely misses the water moccasin.
The water moccasin bites you!
You die...

......##.# ###
......(#.## ##
.......#..# ##.#
.......##.###...##
......###.##.....#
......##..##.....#
.....###.###.....#
...<.# #.##...b.S#
##... ##.##.....@#
8#..###..##......#
.#..##..###......##
©#©....## #.......#
.#..#..#####.....##
8#.###...#######.#
##.##..#..### ##.#
. #.###...###..# #.
##...##.##


You could see a water moccasin (ally target) and a friendly bat (summoned).

Vanquished Creatures
  A necrophage (D:4)
  2 scorpions
  2 hounds (D:4)
  An iguana (D:5)
  2 gnolls (D:4)
  A white imp (D:5)
  2 ufetubi
  3 worms
  4 dart slugs
  5 orcs
  5 endoplasms
  A giant cockroach (D:4)
  5 goblins
  3 hobgoblins (D:1)
  7 jackals
  3 quokkas
  2 ball pythons
  6 bats
  7 frilled lizards
  6 kobolds
  3 rats
71 creatures vanquished.

Vanquished Creatures (collateral kills)
  A phantom (D:5)
  2 iguanas
  A hound skeleton (D:4)
  2 gnolls
  An adder skeleton (D:4)
  3 worms
10 creatures vanquished.

Grand Total: 81 creatures vanquished

Notes
Turn   | Place    | Note
-------+----------+-------------------------------------------
     0 | D:1      | SnakkuSnakku7 the Demigod Summoner began the quest for the
                  | Orb.
     0 | D:1      | Reached XP level 1. HP: 14/14 MP: 5/5
   331 | D:2      | Reached XP level 2. HP: 20/20 MP: 2/7
  1433 | D:2      | HP: 1/20 [worm (9)]
  2112 | D:1      | Reached XP level 3. HP: 26/26 MP: 8/8
  2128 | D:1      | Learned a level 3 spell: Call Canine Familiar
  2832 | D:3      | Reached skill level 5 in Summonings
  3823 | D:4      | Reached skill level 1 in Long Blades
  3850 | D:4      | Reached XP level 4. HP: 15/33 MP: 9/9
  4461 | D:4      | HP: 1/33 [gnoll (6)]
  4778 | D:4      | Noticed a necrophage
  4915 | D:4      | Killed a necrophage
  4916 | D:4      | Reached XP level 5. HP: 8/38 MP: 4/10
  5548 | D:4      | HP: 1/38 [hound skeleton (3)]
  6154 | D:5      | Entered Level 5 of the Dungeon
  6182 | D:4      | Reached XP level 6. HP: 11/45 MP: 2/11
  6514 | D:5      | Reached skill level 5 in Long Blades
  7390 | D:5      | Found a transporter.
  7482 | D:5      | Found a transporter.
  7537 | D:5      | Found Faell's Neck Hole.
  7629 | D:5      | Noticed a water moccasin
  7640 | D:5      | Slain by a water moccasin

Illustrated notes

Levels and vault maps discovered:
D:1:      dpeg_arrival_tiny_c, layout_rooms
D:2:      layout_loops_corners, shapermc_ecumenical_altar_mp_vishouse,
          serial_bayou_pond_a
D:3:      layout_rooms, mainiacjoe_overflow_catwalk, amcnicky_altar_gilded,
          minivault_19
D:4:      layout_loops_ring, lemuel_crystal_altar
D:5:      gammafunk_steamed_eel, layout_cave_pods,
          nicolae_shop_sticking_my_neck_out

Skill      XL: |  1  2  3  4  5  6 |
---------------+-------------------+-----
Summonings     | 4 5 |  5.0
Long Blades    | 1 3 4 5 |  5.4
Dodging        | |  1.7
Stealth        | |  1.7
Spellcasting   | |  1.7

Action                   |  1- 3 |  4- 6 || total
-------------------------+-------+-------++-------
Melee: Spear             |    47 |       ||    47
       Quarterstaff      |   151 |    84 ||   235
       Great sword       |       |    46 ||    46
 Cast: Summon Small Mamm |    10 |     4 ||    14
       Call Canine Famil |       |    10 ||    10
 Stab: Sleeping          |     6 |       ||     6
       Distracted        |       |     1 ||     1
Armor: Robe              |    28 |       ||    28
       Leather armour    |    31 |    35 ||    66
Dodge: Dodged            |   141 |    95 ||   236
       Rpst.: Great sword |       |    13 ||    13
